 Dungeon Crawl Stone Soup version 0.28-a0-793-g31680bbd8b (webtiles) character file.

Game seed: 1567825793273569023

3828 siradein the Ducker (level 9, -7/65 HPs)
             Began as a Demonspawn Berserker on Nov 4, 2021.
             Was a High Priest of Trog.
             Killed from afar by an electric eel (13 damage)
             ... with a bolt of electricity
             ... on level 8 of the Dungeon.
             The game lasted 00:34:18 (6322 turns).

siradein the Ducker (Demonspawn Berserker)          Turns: 6322, Time: 00:34:19

Health: -7/65      AC: 12    Str: 20    XL:     9   Next: 97%
Magic:  11/11      EV: 10    Int:  9    God:    Trog [*****.]
Gold:   1269       SH:  0    Dex: 13    Spells: 8/8 levels left

rFire   . . .      SeeInvis +   u - +2 dagger (speed)
rCold   . . .      Faith    .   (no shield)
rNeg    . . .      Spirit   .   t - +1 chain mail
rPois   .          Reflect  .   (helmet restricted)
rElec   .          Harm     .   l - +0 cloak
rCorr   +          Rampage  .   (no gloves)
Will    .....                   (no boots)
Stlth   ..........              s - amulet of regeneration
HPRegen 1.20/turn               w - ring of see invisible
MPRegen 0.12/turn               q - ring of resist corrosion

@: no status effects
A: horns 1, demonic magic 1, weakness stinger 2, demonic touch 1
a: Renounce Religion, Berserk, Trog's Hand, Brothers in Arms


You were on level 8 of the Dungeon.
You worshipped Trog.
Trog was extremely pleased with you.
You visited 1 branch of the dungeon, and saw 8 of its levels.
You also visited: Sewer.

You collected 1269 gold pieces.

Inventory:

Hand Weapons
 u - a +2 dagger of speed (weapon)
Missiles
 h - 21 poisoned darts (quivered)
Armour
 l - a +0 cloak (worn)
 t - a +1 chain mail (worn)
Jewellery
 c - an amulet of guardian spirit
 i - a ring of flight
 o - a ring of protection from cold
 p - an amulet of reflection
 q - a ring of resist corrosion (right hand)
 r - an amulet of faith
 s - an amulet of regeneration (around neck)
 w - a ring of see invisible (left hand)
 y - a ring of protection from fire
Wands
 b - a wand of paralysis (9)
 A - a wand of iceblast (7)
Scrolls
 d - 4 scrolls of teleportation
 m - a scroll of fog
Potions
 a - a potion of might {unknown}
 e - a potion of mutation {unknown}
 f - 4 potions of heal wounds
 g - 4 potions of curing
 k - 2 potions of flight
 v - a potion of attraction {unknown}
 x - 2 potions of ambrosia {unknown}
 z - a potion of lignification {unknown}


   Skills:
 - Level 4.3 Fighting
 + Level 5.4(5.8) Short Blades
 - Level 3.0(4.5) Long Blades
 + Level 6.9 Armour
 + Level 6.9 Dodging
 + Level 5.9 Unarmed Combat
 - Level 2.8 Invocations


You had 8 spell levels left.
You didn't know any spells.
Your spell library was empty.

Dungeon Overview and Level Annotations

Branches:
Dungeon (8/15)             Temple (0/1) D:4            Lair (0/6) D:8
  Sewer (visited)

Altars:
Ashenzari
Cheibriados
Hepliaklqana
Okawaru
Ru
Vehumet


Innate Abilities, Weirdness & Mutations

You have a pair of small horns on your head.
Spells you cast may paralyse adjacent enemies.
You have a tail ending in a sharp stinger.
Your touch may inflict minor irresistible damage on your foes.


Message History

The orc is severely wounded.
You hear the creaking of a very distant portcullis.
The orc hits you but does no damage.
You completely miss the orc. You tail-slap the orc.
You touch the orc.
You kill the orc!
Trog accepts your kill.
Things that are here:
a +0 club; an orc corpse An electric eel comes into view.
The electric eel shoots out a bolt of lightning at you!
The bolt of electricity hits you!
The electric eel shoots out a bolt of lightning at you!
The bolt of electricity hits you.
The electric eel shoots out a bolt of lightning at you!
The bolt of electricity hits you!
There is an open door here.
There is an open door here.
The electric eel shoots out a bolt of lightning at you!
The bolt of electricity misses you.
The electric eel shoots out a bolt of lightning at you!
The bolt of electricity hits you!
The electric eel shoots out a bolt of lightning at you!
The bolt of electricity hits you!
The electric eel shoots out a bolt of lightning at you!
The bolt of electricity hits you!
An electric eel comes into view.
The electric eel shoots out a bolt of lightning at you!
The bolt of electricity hits you. The bolt of electricity hits you!
Found a robe.
The electric eel shoots out a bolt of lightning at you!
The bolt of electricity hits you.
The electric eel shoots out a bolt of lightning at you!
The bolt of electricity hits you.
* * * LOW HITPOINT WARNING * * *
The electric eel shoots out a bolt of lightning at you!
The bolt of electricity hits you!
* * * LOW HITPOINT WARNING * * *
The electric eel shoots out a bolt of lightning at you!
The bolt of electricity hits you!
You die...

..........#############
.........#............
........#............
.......#............
......#.....######'
.....#>....##.....
#######....#.....##.....
+.....'@...#............
#.[...#....#.....##.....
...........#.....##.....
......≈....########.....
≈≈..≈≈............#.....
≈≈≈≈≈≈≈S..........'.....
≈≈≈≈S≈≈≈≈.........#####'
.≈≈≈≈..............))).
.≈≈≈≈≈≈.............)..


You could see 2 electric eels.

Vanquished Creatures
  A troll (D:8)
  A slime creature (D:7)
  A steam dragon (D:6)
  2 water moccasins
  A hornet zombie (D:6)
  A black bear (D:7)
  An ice beast (D:6)
  2 necrophages
  3 wolves
  A centaur (D:6)
  A kobold brigand (Sewer)
  A gnoll sergeant (D:7)
  5 scorpions
  A water moccasin zombie (D:5)
  10 killer bees (D:8)
  3 howler monkeys
  A bullfrog zombie (D:6)
  A centaur zombie (D:7)
  9 jellies (D:7)
  5 orc priests
  5 hounds
  3 bullfrog skeletons
  4 iguanas
  2 orc wizards
  2 killer bee zombies (D:8)
  A hound skeleton (D:5)
  A howler monkey zombie (D:7)
  8 adders
  9 gnolls
  3 river rats
  2 white imps (D:6)
  2 ufetubi
  An adder zombie (D:5)
  7 worms
  A dart slug (D:6)
  22 orcs
  5 bats
  19 endoplasms
  A giant cockroach (D:3)
  10 goblins
  9 hobgoblins
  5 jackals
  8 kobolds
  4 quokkas
  5 ball pythons
  3 frilled lizards
  11 rats
204 creatures vanquished.

Vanquished Creatures (others)
  An orc wizard (D:4)
  4 fungi (D:7)
5 creatures vanquished.

Grand Total: 209 creatures vanquished

Notes
Turn   | Place    | Note
-------+----------+-------------------------------------------
     0 | D:1      | siradein the Demonspawn Berserker began the quest for the
                  | Orb.
     0 | D:1      | Reached XP level 1. HP: 18/18 MP: 1/1
   507 | D:1      | Discovered your monstrous ancestry.
   507 | D:1      | Gained mutation: You have a small tail. [demonic ancestry]
   507 | D:1      | Reached XP level 2. HP: 24/24 MP: 2/2
  1087 | D:2      | Gained mutation: You have a tail ending in a sharp stinger.
                  | [demonic ancestry]
  1087 | D:2      | Reached XP level 3. HP: 25/29 MP: 3/3
  1120 | D:2      | Reached ** piety under Trog
  1427 | D:2      | Found a faded altar of an unknown god.
  1981 | D:3      | Found a broken altar of Ashenzari.
  1987 | D:3      | Found a radiant altar of Vehumet.
  2375 | D:3      | Reached XP level 4. HP: 32/35 MP: 4/4
  2621 | D:3      | Reached skill level 1 in Invocations
  2856 | D:4      | Found a hazy altar of Hepliaklqana.
  2914 | D:4      | Reached *** piety under Trog
  2957 | D:4      | Reached XP level 5. HP: 42/42 MP: 6/6
  2978 | D:4      | Found a glowing drain.
  2987 | Sewer    | Entered a sewer
  3570 | D:4      | Found a staircase to the Ecumenical Temple.
  3625 | D:4      | Gained mutation: Your touch may inflict minor irresistible
                  | damage on your foes. [demonic ancestry]
  3625 | D:4      | Reached XP level 6. HP: 15/48 MP: 8/8
  3774 | D:4      | Reached skill level 1 in Unarmed Combat
  4091 | D:5      | Entered Level 5 of the Dungeon
  4365 | D:5      | Reached **** piety under Trog
  4366 | D:5      | Gained mutation: Spells you cast may paralyse adjacent
                  | enemies. [demonic ancestry]
  4366 | D:5      | Reached XP level 7. HP: 54/54 MP: 9/9
  4438 | D:5      | Reached skill level 1 in Short Blades
  4507 | D:5      | Found an iron altar of Okawaru.
  4739 | D:6      | Noticed a steam dragon
  4765 | D:6      | Killed a steam dragon
  4766 | D:6      | Gained mutation: You have a pair of small horns on your
                  | head. [demonic ancestry]
  4766 | D:6      | Reached XP level 8. HP: 36/60 MP: 10/10
  4856 | D:6      | Reached skill level 5 in Armour
  4856 | D:6      | Reached skill level 5 in Dodging
  4906 | D:6      | Found a sacrificial altar of Ru.
  5202 | D:6      | Found a snail-covered altar of Cheibriados.
  5589 | D:7      | Reached XP level 9. HP: 65/65 MP: 11/11
  5825 | D:7      | Reached skill level 5 in Unarmed Combat
  5905 | D:8      | Identified a scroll of acquirement
  5905 | D:8      | Acquired 982 gold pieces
  5918 | D:8      | Found a staircase to the Lair.
  6091 | D:8      | Reached ***** piety under Trog
  6109 | D:8      | Reached skill level 5 in Short Blades
  6176 | D:8      | Noticed a troll
  6191 | D:8      | Killed a troll
  6322 | D:8      | Killed from afar by an electric eel

Illustrated notes

Levels and vault maps discovered:
D:1:      minmay_arrival_diagonal_passages, layout_basic, due_unseen_surprise
D:2:      layout_basic, serial_glass, glass_columns_a, glass_columns_c,
          minmay_strange_pillars, due_unseen_surprise, feat_on_display,
          hellmonk_ecumenical_altar_crossroads
D:3:      layout_basic, grunt_temple_overflow_open, corexii_corridor_pit
D:4:      layout_basic, lemuel_round_altar, temple_statues,
          lightli_sewer_entry_pipes
D:5:      layout_rooms, mainiacjoe_overflow_small_starburst, serial_rivers,
          chequers_serial_rivers_room_b, chequers_serial_rivers_small_a,
          chequers_serial_rivers_micro_c, chequers_serial_rivers_micro_c,
          chequers_serial_rivers_room_b
D:6:      layout_rooms, nicolae_ru_sacrificial_ziggurat, kennysheep_slug_shrine,
          amcnicky_mini_rare_corridor_liquid
D:7:      lemuel_slime, layout_cave_pools
D:8:      layout_gridville, erik_lair_island, enter_bailey_2

Skill      XL: |  1  2  3  4  5  6  7  8  9 |
---------------+----------------------------+-----
Armour         | 2 3 4 5 6 |  6.9
Dodging        | 2 3 4 5 6 |  6.9
Long Blades    | 3 |  3.0
Invocations    | 2 |  2.8
Fighting       | 4 |  4.3
Unarmed Combat | 2 3 4 5 |  5.9
Short Blades   | 2 3 5 |  5.4

Action                   |  1- 3 |  4- 6 |  7- 9 || total
-------------------------+-------+-------+-------++-------
Melee: Falchion          |   154 |   198 |       ||   352
       Tailslap          |    17 |    36 |    70 ||   123
       Punch             |       |     2 |     4 ||     6
       Dagger            |       |    72 |   445 ||   517
       Touch             |       |    22 |    89 ||   111
       Unarmed           |       |    12 |       ||    12
       Headbutt          |       |       |    73 ||    73
Invok: Berserk           |     1 |       |     4 ||     5
       Trog's Hand       |       |     1 |     1 ||     2
  Use: Scroll            |     1 |     7 |     4 ||    12
Armor: Ring mail         |    65 |     6 |       ||    71
       Chain mail        |       |   156 |   171 ||   327
Dodge: Dodged            |   100 |   125 |   191 ||   416

Table legend: (Time is in decaauts)
 A = Elapsed time spent in this place.
 B = Non-inter-level travel time spent in this place.
 C = Inter-level travel time spent in this place.
 D = Time resting spent in this place.
 E = Time spent auto-exploring this place.
 F = Levels seen in this place.
 G = Mean time per level.
                   A        B        C        D        E       F      G
               +--------+--------+--------+--------+--------+-----+--------+
         Total |   6190 |   5921 |    269 |    172 |   3931 |   9 |  687.8 |
       Dungeon |   6004 |   5735 |    269 |    172 |   3850 |   8 |  750.5 |
         Sewer |    186 |    186 |      0 |      0 |     81 |   1 |  186.0 |
               +--------+--------+--------+--------+--------+-----+--------+

Top non-repeatable levels by time:
     D:4: 1158 daAuts
     D:1: 1093 daAuts
     D:2: 944 daAuts
     D:3: 824 daAuts
     D:7: 597 daAuts
     D:6: 580 daAuts
     D:5: 492 daAuts
     D:8: 314 daAuts
   Sewer: 186 daAuts
